 Dungeon Crawl Stone Soup version 0.25-a0-290-g4a1327ee3a (webtiles) character file.

Game seed: 16109243195861907775, levelgen mode: classic

41951 Borgoz the Protected (level 14, -10/81 HPs)
             Began as a Gargoyle Monk on Dec 14, 2019.
             Was the Champion of Okawaru.
             Mangled by a death yak (19 damage)
             ... on level 4 of the Lair of Beasts.
             The game lasted 00:38:56 (17207 turns).

Borgoz the Protected (Gargoyle Monk)               Turns: 17207, Time: 00:38:56

Health: -10/81     AC: 31    Str: 26    XL:     14   Next: 17%
Magic:  17/17      EV: 13    Int: 16    God:    Okawaru [******]
Gold:   712        SH:  0    Dex: 11    Spells: 13/13 levels left

rFire    . . .     SeeInvis +   a - +2 great sword (slice)
rCold    . . .     Gourm    .   (shield currently unavailable)
rNeg     + + .     Faith    .   D - +0 chain mail of the Ladybird {rElec Regen+ rCorr Dex-2}
rPois    ∞         Spirit   .   s - +1 helmet
rElec    +         Reflect  .   i - scarf {repulsion}
rCorr    +         Harm     +   V - +0 pair of gloves
MR       +....                  r - +2 pair of boots
Stlth    ..........             K - amulet of harm
HPRegen  0.63/turn              C - ring of Uwithudgh {rElec Str+4 Int+4}
MPRegen  0.15/turn              J - ring "Zaseoroick" {+Blink rN+ Str+4 SInv}

@: flying, repel missiles
A: big wings, frail 1, negative energy resistance 1, electricity resistance,
unbreathing, petrification resistance, rot immunity, AC +10
a: Stop Flying, Heroism, Finesse, Renounce Religion, Evoke Blink


You were on level 4 of the Lair of Beasts.
You worshipped Okawaru.
Okawaru was exalted by your worship.
You were hungry.

You visited 3 branches of the dungeon, and saw 19 of its levels.
You also visited: Ossuary and Gauntlet.

You collected 1006 gold pieces.
You spent 294 gold pieces at shops.

Inventory:

Hand Weapons
 a - a +2 great sword of slicing (weapon)
 b - a +2 great sword of flaming
Missiles
 o - 3 throwing nets (quivered)
Armour
 i - a scarf of repulsion (worn)
 p - the +1 chain mail "Rol Ejir" {Regen+ Str+4}
   (Okawaru gifted it to you on level 3 of the Lair of Beasts)

   It affects your strength (+4).
   It increases your rate of regeneration.
 r - a +2 pair of boots (worn)
 s - a +1 helmet (worn)
 D - the +0 chain mail of the Ladybird (worn) {rElec Regen+ rCorr Dex-2}
   (You bought it in a shop on level 7 of the Dungeon)

   It affects your dexterity (-2).
   It insulates you from electricity.
   It increases your rate of regeneration.
   It provides partial protection from all sources of acid and corrosion.
 T - a +0 scale mail of cold resistance
 V - a +0 pair of gloves (worn)
Jewellery
 l - an uncursed ring of fire
 x - an uncursed ring of fire
 C - the ring of Uwithudgh (left hand) {rElec Str+4 Int+4}
   (You found it on level 4 of the Lair of Beasts)

   [ring of intelligence]

   It affects your strength (+4).
   It affects your intelligence (+4).
   It insulates you from electricity.
 E - a +4 ring of strength
 J - the ring "Zaseoroick" (right hand) {+Blink rN+ Str+4 SInv}
   (You found it on level 11 of the Dungeon)

   [ring of positive energy]

   It affects your strength (+4).
   It protects you from negative energy.
   It lets you see invisible.
   It lets you blink.
 K - an amulet of harm (around neck)
 R - an uncursed ring of protection from magic
Wands
 d - a wand of acid (27)
 y - a wand of clouds (6)
 A - a wand of paralysis (15)
 B - a wand of disintegration (19)
 F - a wand of iceblast (4)
Scrolls
 e - 5 scrolls of teleportation
 g - 10 scrolls of remove curse
 k - a scroll of holy word
 m - 2 scrolls of fog
 u - 5 scrolls of magic mapping
 v - a scroll of summoning
 w - a scroll of enchant armour
 z - a scroll of blinking {unknown}
 S - 3 scrolls of identify
 W - a scroll of brand weapon
Potions
 h - 2 potions of resistance
 j - 3 potions of haste
 n - 2 potions of flight
 q - 4 potions of cancellation
 t - 2 potions of curing
Comestibles
 c - 22 rations
 f - 7 chunks of flesh


   Skills:
 * Level 11.5 Fighting
 * Level 12.0 Long Blades
 * Level 13.6 Armour
 * Level 9.0 Dodging
 - Level 5.0 Stealth
 + Level 4.9 Invocations
 + Level 4.0 Evocations


You had 13 spell levels left.
You didn't know any spells.
Your spell library contained the following spells:

 Spells                   Type           Power        Failure   Level  Hunger
 Animate Skeleton         Necr           N/A          71%         1    ##.....
 Beastly Appendage        Tmut           #.....       71%         1    ##.....
 Magic Dart               Conj           #...         71%         1    ##.....
 Pain                     Necr           #...         71%         1    ##.....
 Blink                    Tloc           N/A          83%         2    ###....
 Call Imp                 Summ           #.......     83%         2    ###....
 Slow                     Hex            #.......     83%         2    ###....
 Sticks to Snakes         Tmut           #.......     83%         2    ###....
 Conjure Flame            Conj/Fire      #.......     97%         3    ####...
 Mephitic Cloud           Conj/Pois/Air  #.......     97%         3    ####...
 Regeneration             Chrm/Necr      #.........   97%         3    ####...
 Spectral Weapon          Hex/Chrm       #.......     97%         3    ####...
 Spider Form              Tmut/Pois      #.........   97%         3    ####...
 Vampiric Draining        Necr           #.........   97%         3    ####...
 Animate Dead             Necr           N/A          100%        4    #####..
 Ice Form                 Ice/Tmut       #.......     100%        4    #####..
 Blade Hands              Tmut           #.........   100%        5    ######.
 Bolt of Magma            Conj/Fire/Erth #.........   100%        5    ######.
 Metabolic Englaciation   Hex/Ice        #.........   100%        5    ######.
 Freezing Cloud           Conj/Ice/Air   #.........   100%        6    #######
 Ozocubu's Refrigeration  Ice            #.........   100%        6    #######
 Simulacrum               Ice/Necr       #.........   100%        6    #######


Dungeon Overview and Level Annotations

Branches:
Dungeon (13/15)            Temple (1/1) D:7            Lair (5/6) D:9
 Shoals (0/4) Lair:3       Spider (0/4) Lair:3          Orc (0/2) D:10
Ossuary (visited)         Gauntlet (visited)
  Slime: Lair:5-6    Vaults: D:13-14

Altars:
Ashenzari
Cheibriados
Dithmenos
Elyvilon
Fedhas
Gozag
Hepliaklqana
Kikubaaqudgha
Makhleb
Nemelex Xobeh
Okawaru
Qazlal
Ru
Sif Muna
Trog
Uskayaw
Vehumet
Wu Jian
Xom
Yredelemnul
Zin
The Shining One

Shops:
D:6 }   D:7 **   D:10 %   D:12 %

Portals:
Trove: D:10 (give +8 demon trident)

Annotations:
Lair:3 Junuurch's ghost, journeyman OpFi


Innate Abilities, Weirdness & Mutations

You are resistant to torment.
Your stone body is resilient. (AC +10)
You are immune to poison.
Your large and strong wings let you fly indefinitely.
You resist negative energy. (rN+)
You are resistant to electric shocks. (rElec)
You can survive without breathing.
You are immune to petrification.
You are immune to rotting.
You are frail. (-10% HP)


Message History

You completely miss the spiny frog.
The spiny frog is heavily wounded.
The death yak gores you!
* * * LOW HITPOINT WARNING * * *
You barely miss the spiny frog.
The spiny frog is heavily wounded.
The spiny frog stings you but does no damage.
The death yak gores you but does no damage.
You barely miss the spiny frog.
The spiny frog is heavily wounded.
The spiny frog closely misses you. The death yak barely misses you.
The spiny frog stings you!
* * * LOW HITPOINT WARNING * * *
Unknown command.
You slice the spiny frog!!
You kill the spiny frog!
Okawaru accepts your kill.
Your Evocations skill increases to level 4!
The death yak gores you!
You die...

..........##.8...........
.##.....########........
##.+.##..# .........
.#...#.##.## .......
#..........## .....
#......Y#...##.......
#..#.8.#YY#.Y.P.......
##.....#Y###Y......
#.#...#@# .......
##.....## ....... ##.#+.
....... .. .. ....... ...
....... .... .......
..... ......


You could see 4 death yaks.

Vanquished Creatures
  Snorg (D:10)
  A minotaur (Gauntlet)
  4 hydras
  A catoblepas (Lair:3)
  4 two-headed ogres
  Erica (D:10)
  A death yak (Lair:4)
  A tengu warrior (D:13)
  An unseen horror (D:10)
  A wizard (Gauntlet)
  Pikel (D:6)
  The ghost of grouchysmurf the Charlatan, a novice BaAr of Trog (D:6)
  2 ugly things
  A cyclops (D:10)
  An oklob plant (Gauntlet)
  5 black mambas
  10 elephants
  A torpor snail (Lair:4)
  Psyche (D:8)
  Maurice (D:11)
  7 spiny frogs
  A kobold demonologist (D:6)
  A gargoyle (D:12)
  A rime drake (Lair:1)
  2 komodo dragons
  4 trolls
  A tengu conjurer (D:13)
  A wolf spider simulacrum (Gauntlet)
  6 hippogriffs
  A blink frog (Lair:5)
  A centaur simulacrum (Gauntlet)
  Sigmund (D:6)
  A spriggan (D:7)
  4 wyverns
  5 basilisks
  A wraith (D:10)
  24 yaks
  3 vampire mosquitoes (D:13)
  A steam dragon (D:10)
  3 hungry ghosts
  An acid dragon (Gauntlet)
  2 harpy simulacra (Gauntlet)
  7 water moccasins
  10 porcupines
  4 ice beasts
  4 slaves (D:6)
  2 orc warriors
  3 black bears
  A swamp drake (D:9)
  A phantom (D:10)
  3 sky beasts
  9 wolves
  A necrophage (D:12)
  4 ogres
  6 centaurs
  11 crocodiles
  13 big kobolds
  An elf zombie (Ossuary)
  4 bullfrogs
  4 elf skeletons (D:6)
  2 gnoll sergeants
  A wyvern skeleton (D:10)
  A water moccasin zombie (D:5)
  A hornet simulacrum (Gauntlet)
  5 scorpions
  12 killer bees
  A troll zombie (D:10)
  7 wights
  An electric eel (Lair:5)
  3 howler monkeys (D:9)
  7 crimson imps
  5 bullfrog zombies
  A quasit (D:8)
  A centaur skeleton (D:9)
  3 hounds
  2 jellies
  Crazy Yiuf (D:3)
  10 orc priests
  2 human zombies
  8 orc wizards
  Ijyb (D:3)
  3 iguanas
  9 worker ants
  7 ogre zombies (D:10)
  3 big kobold zombies (Ossuary)
  A hound zombie (D:5)
  2 mummies (Ossuary)
  Robin (D:3)
  A worker ant zombie (D:7)
  9 gnolls
  12 adders
  7 shadow imps
  2 oozes
  An adder zombie (Ossuary)
  5 worms
  3 dart slugs
  4 leopard geckos
  30 orcs
  2 ball pythons
  10 giant cockroaches
  13 goblins
  14 hobgoblins
  7 jackals
  4 quokkas
  10 bats
  3 frilled lizards
  A goblin skeleton (D:10)
  5 goblin zombies
  2 hobgoblin skeletons (D:10)
  14 hobgoblin zombies
  3 jackal skeletons
  2 jackal zombies (Ossuary)
  50 kobolds
  8 kobold zombies (Ossuary)
  4 orc skeletons (D:10)
  21 orc zombies
  5 rats
  A spectral orc (D:5)
  A plant (D:5)
555 creatures vanquished.

Vanquished Creatures (others)
  Sonja (D:10)
  An orc priest (D:5)
  3 fungi
  6 plants
11 creatures vanquished.

Grand Total: 566 creatures vanquished

Notes
Turn   | Place    | Note
-------+----------+-------------------------------------------
     0 | D:1      | Borgoz the Gargoyle Monk began the quest for the Orb.
     0 | D:1      | Reached XP level 1. HP: 14/14 MP: 1/1
   225 | D:1      | Reached XP level 2. HP: 19/19 MP: 2/2
   237 | D:1      | Reached skill level 1 in Armour
   607 | D:1      | Reached XP level 3. HP: 23/23 MP: 3/3
   798 | D:2      | Found a faded altar of an unknown god.
  1026 | D:2      | Reached skill level 2 in Armour
  1151 | D:2      | Reached XP level 4. HP: 17/29 MP: 4/4
  1587 | D:2      | Found a glowing golden altar of the Shining One.
  1587 | D:2      | Found a glowing silver altar of Zin.
  1592 | D:2      | Found a blossoming altar of Fedhas.
  1596 | D:2      | Found a faded altar of an unknown god.
  1599 | D:2      | Found a faded altar of an unknown god.
  2427 | D:3      | Noticed Ijyb
  2428 | D:3      | Reached XP level 5. HP: 33/33 MP: 5/5
  2499 | D:3      | Killed Ijyb
  2499 | D:3      | Reached skill level 3 in Armour
  2534 | D:3      | Found an opulent altar of Gozag.
  2651 | D:3      | Found a runed translucent door.
  2652 | D:3      | Noticed Crazy Yiuf
  2803 | D:3      | Noticed an ice beast
  2825 | D:3      | Killed an ice beast
  2825 | D:3      | Reached XP level 6. HP: 17/38 MP: 6/6
  3017 | D:3      | Noticed Robin
  3052 | D:3      | Killed Robin
  3817 | D:3      | Killed Crazy Yiuf
  3963 | D:4      | Reached skill level 4 in Armour
  4398 | D:4      | Reached XP level 7. HP: 28/44 MP: 7/7
  4710 | D:5      | Entered Level 5 of the Dungeon
  5035 | D:5      | Reached skill level 5 in Long Blades
  5035 | D:5      | Reached skill level 5 in Armour
  5053 | D:5      | Reached skill level 5 in Fighting
  5452 | D:5      | Reached XP level 8. HP: 49/49 MP: 8/8
  6058 | D:5      | Reached skill level 6 in Armour
  6343 | D:5      | Found a basalt altar of Yredelemnul.
  6460 | D:6      | Found a stormy altar of Qazlal.
  6461 | D:6      | Noticed grouchysmurf's ghost (novice BaAr)
  6462 | D:6      | Found a runed translucent gate.
  6462 | D:6      | Found a runed translucent gate.
  6463 | D:6      | Found a runed translucent gate.
  6464 | D:6      | Identified the +9 short sword of the Doomed Warrior {venom,
                  | rElec}
  6464 | D:6      | Noticed a kobold demonologist
  6481 | D:6      | Noticed Sigmund
  6499 | D:6      | Killed Sigmund
  6653 | D:6      | Found a shadowy altar of Dithmenos.
  6796 | D:6      | Found a sand-covered staircase.
  6802 | Ossuary  | Entered an ossuary
  7066 | Ossuary  | Reached XP level 9. HP: 53/55 MP: 9/9
  7117 | D:6      | Reached skill level 7 in Armour
  7241 | D:6      | Found a hide-covered altar of Uskayaw.
  7393 | D:6      | Found Luzidghem's Gadget Emporium.
  7401 | D:6      | Found a bloodstained altar of Trog.
  7539 | D:6      | Noticed Pikel
  7592 | D:6      | Killed Pikel
  7876 | D:7      | Reached skill level 8 in Armour
  7991 | D:7      | Found Maaselu's Assorted Antiques.
  8016 | D:7      | Noticed a two-headed ogre
  8027 | D:7      | Killed a two-headed ogre
  8027 | D:7      | Reached skill level 5 in Dodging
  8027 | D:7      | Reached XP level 10. HP: 42/63 MP: 10/10
  8239 | D:7      | Found Mafy's Merry Market.
  8248 | D:7      | Reached skill level 9 in Armour
  8292 | D:7      | Found a staircase to the Ecumenical Temple.
  8393 | Temple   | Entered the Ecumenical Temple
  8473 | Temple   | Became a worshipper of Warmaster Okawaru
  8473 | Temple   | Reached * piety under Okawaru
  8473 | Temple   | Reached ** piety under Okawaru
  8945 | D:7      | Bought a translucent chain mail for 294 gold pieces
  8955 | D:7      | Identified the cursed +0 chain mail of the Ladybird {rElec
                  | Regen+ rCorr Dex-2} (You bought it in a shop on level 7 of
                  | the Dungeon)
  9117 | D:8      | Noticed Psyche
  9128 | D:8      | Killed Psyche
  9587 | D:9      | Reached *** piety under Okawaru
  9620 | D:9      | Reached skill level 10 in Armour
  9631 | D:9      | Found a staircase to the Lair.
  9959 | D:9      | Reached XP level 11. HP: 39/68 MP: 11/11
 10251 | D:9      | Reached **** piety under Okawaru
 10476 | D:10     | Entered Level 10 of the Dungeon
 10476 | D:10     | Noticed Sonja
 10482 | D:10     | Killed Sonja
 10514 | D:10     | Found Tautaseu's Food Shoppe.
 10555 | D:10     | Killed an unseen horror
 10555 | D:10     | Reached skill level 11 in Armour
 10598 | D:10     | Got a jewelled rapier
 10600 | D:10     | Identified the cursed +0 rapier of Neurosis {pierce, rF++
                  | Str+2 Int-4} (You found it on level 10 of the Dungeon)
 10731 | D:10     | Found a staircase to the Orcish Mines.
 10810 | D:10     | Noticed a two-headed ogre
 10823 | D:10     | Killed a two-headed ogre
 10823 | D:10     | Reached ***** piety under Okawaru
 10823 | D:10     | Reached skill level 10 in Long Blades
 10866 | D:10     | Received a gift from Okawaru
 11083 | D:10     | Noticed Erica
 11084 | D:10     | Noticed a two-headed ogre
 11092 | D:10     | Killed a two-headed ogre
 11098 | D:10     | Noticed Snorg
 11104 | D:10     | Noticed a cyclops
 11110 | D:10     | Killed a cyclops
 11117 | D:10     | Killed Erica
 11129 | D:10     | Killed Snorg
 11129 | D:10     | Reached XP level 12. HP: 20/76 MP: 7/12
 11154 | D:10     | Got a steaming ring mail
 11165 | D:10     | Identified the +1 ring mail of Daffodils {*Contam Int+4}
                  | (You found it on level 10 of the Dungeon)
 11170 | D:10     | Gained mutation: You are frail. (-10% HP) [mutagenic glow]
 11253 | D:10     | Noticed a six-headed hydra
 11270 | D:10     | Killed a one-headed hydra
 11270 | D:10     | Reached skill level 12 in Armour
 11749 | D:10     | Found a portal to a secret trove of treasure.
 12183 | D:11     | Got a pitted ivory ring
 12214 | D:11     | Identified the ring "Zaseoroick" {+Blink rN+ Str+4 SInv}
                  | (You found it on level 11 of the Dungeon)
 12263 | D:11     | Noticed Maurice
 12273 | D:11     | Killed Maurice
 12360 | D:11     | Found a gate leading to a gauntlet.
 12369 | Gauntlet | Entered a Gauntlet
 12369 | Gauntlet | Found a transporter.
 12369 | Gauntlet | Found a transporter.
 12369 | Gauntlet | Found a transporter.
 12370 | Gauntlet | Found a transporter.
 12373 | Gauntlet | Found a transporter.
 12373 | Gauntlet | Found a transporter.
 12383 | Gauntlet | Found a transporter.
 12387 | Gauntlet | Found a transporter.
 12402 | Gauntlet | Found a transporter.
 12403 | Gauntlet | Found a transporter.
 12404 | Gauntlet | Noticed a ghost crab
 12421 | Gauntlet | Found a transporter.
 12425 | Gauntlet | Found a transporter.
 12426 | Gauntlet | Noticed a death scarab
 12665 | Gauntlet | Reached skill level 1 in Invocations
 12682 | Gauntlet | Reached skill level 1 in Evocations
 12758 | Gauntlet | Noticed a minotaur
 12772 | Gauntlet | Killed a minotaur
 12780 | Gauntlet | Identified the Almanac of Fetching Earth
 13068 | D:11     | You fall into a shaft and drop 1 floor!
 13329 | D:12     | Found Xoiguwyo's Food Boutique.
 13450 | D:12     | Received a gift from Okawaru
 13456 | D:12     | Found a basalt altar of Yredelemnul.
 13785 | D:12     | Reached skill level 10 in Fighting
 14255 | D:13     | Noticed a tengu warrior
 14256 | D:13     | Noticed a two-headed ogre
 14277 | D:13     | Killed a tengu warrior
 14284 | D:13     | Killed a two-headed ogre
 14305 | D:13     | Noticed a rakshasa
 14572 | D:6      | Reached XP level 13. HP: 73/73 MP: 15/15
 14593 | D:6      | Killed grouchysmurf's ghost
 14751 | Lair:1   | Entered Level 1 of the Lair of Beasts
 15424 | Lair:2   | Reached skill level 13 in Armour
 15695 | Lair:2   | You fall into a shaft and drop 1 floor!
 15765 | Lair:3   | Found a hole to the Spider Nest.
 15840 | Lair:3   | Reached skill level 5 in Stealth
 16071 | Lair:3   | Found a staircase to the Shoals.
 16100 | Lair:3   | Found a runed translucent door.
 16103 | Lair:3   | Noticed Junuurch's ghost (journeyman OpFi)
 16103 | Lair:3   | Identified the +8 trident "Ihicwoju" {pierce, rPois SInv}
 16117 | Lair:3   | Reached ****** piety under Okawaru
 16122 | Lair:3   | Received a gift from Okawaru
 16133 | Lair:3   | Got a smoking chain mail {god gift}
 16144 | Lair:3   | Identified the +1 chain mail "Rol Ejir" {Regen+ Str+4}
                  | (Okawaru gifted it to you on level 3 of the Lair of Beasts)
 16842 | Lair:5   | Gained mutation: Your large and strong wings let you fly
                  | indefinitely. [Gargoyle growth]
 16842 | Lair:5   | Reached XP level 14. HP: 80/81 MP: 17/17
 17068 | Lair:4   | Got a wavering turquoise ring
 17081 | Lair:4   | Identified the ring of Uwithudgh {rElec Str+4 Int+4} (You
                  | found it on level 4 of the Lair of Beasts)
 17207 | Lair:4   | Mangled by a death yak

Levels and vault maps discovered:
D:1:      dpeg_arrival_simpleton_c, layout_loops_ring
D:2:      layout_loops_ring, chequers_temple_overflow_minitemple,
          chequers_ecumenical_altar_simple, st_stairs_8
D:3:      layout_basic, grunt_gozag_breadcrumbs, minmay_between, uniq_robin,
          uniq_ijyb, uniq_crazy_yiuf_cottage
D:4:      layout_basic, grunt_ministairs_9
D:5:      kennysheep_kobold_camp, layout_gridville,
          yredelemnul_forgotten_temple_becter, first_ration
D:6:      layout_loops_ring, nicolae_qazlal_general_emergency,
          nicolae_dithmenos_through_a_glass_darkly, serial_shops, shop,
          gammafunk_ghost_nasty_kobolds, nicolae_ossuary_entry_catacombs,
          basic_altar, trog_hazing_becter, uniq_pikel, uniq_sigmund
D:7:      layout_cave_pools, minmay_temple_entry_butterflies, serial_shops,
          nicolae_shop_waterfront, the_bakery, nicolae_alphabet_shops
D:8:      layout_cave_pools, uniq_psyche
D:9:      layout_roguey, erik_lair_dragon
D:10:     minmay_wavy_crystal, layout_layer_cave, zombieorc2_lemuel,
          serial_shops, nicolae_shop_crystal, nicolae_trove_entry_diagonal,
          uniq_erica, uniq_sonja, uniq_snorg
D:11:     layout_layer_cave, gauntlet_entry_generic, uniq_maurice
D:12:     layout_layer_cave, basic_altar, serial_shops, nicolae_shop_trees
D:13:     layout_cave_pools, david_vaults_4, serial_shops, shop,
          disabler_island, uniq_jorgrun
Temple:   regret_index_temple_generic_petals
Lair:1:   layout_cave_shapes, chequers_serial_rivers_micro_c,
          hangedman_lair_generics_rect
Lair:2:   layout_long_grid
Lair:3:   layout_loops_ring, elwin_shoals_entry_rocks,
          nicolae_spider_entry_non_spiders, ebering_ghost_funeral_grove
Lair:4:   layout_hall_layers, grunt_megastairs_1
Lair:5:   layout_regular_city, serial_bayou, serial_bayou_crossing,
          serial_bayou_lake_a, serial_bayou_shore_b, serial_bayou_ford_a,
          ebering_ghost_rock_garden, minivault_25, roderic_carrion_pond,
          serial_bayou_shore_b, lemuel_fruit_tree

Skill      XL: |  1  2  3  4  5  6  7  8  9 10 11 12 13 14 |
---------------+-------------------------------------------+-----
Armour         | 1 2 3 4 5 6 8 10 11 12 13 | 13.6
Long Blades    | 3 4 5 6 7 9 10 11 12 | 12.0
Fighting       | 4 5 6 7 8 9 10 11 | 11.5
Dodging        | 3 4 5 6 7 8 9 |  9.0
Invocations    | 2 4 |  4.9
Evocations     | 2 3 4 |  4.0
Stealth        | 3 5 |  5.0

Action                   |  1- 3 |  4- 6 |  7- 9 | 10-12 | 13-15 || total
-------------------------+-------+-------+-------+-------+-------++-------
Melee: Falchion          |    85 |   221 |   178 |       |       ||   484
       Club              |       |    69 |       |       |       ||    69
       Long sword        |       |       |   424 |   176 |       ||   600
       Scimitar          |       |       |       |   758 |    41 ||   799
       Punch             |       |       |       |     1 |       ||     1
       Great sword       |       |       |       |       |   302 ||   302
Throw: Throwing net      |       |       |       |     2 |     1 ||     3
Invok: Heroism           |       |       |       |     3 |       ||     3
       Finesse           |       |       |       |     1 |       ||     1
 Abil: Fly               |       |       |       |       |     1 ||     1
Evoke: Wand              |       |       |       |     4 |       ||     4
  Use: Scroll            |       |     5 |    14 |     8 |     3 ||    30
       Potion            |       |     1 |     3 |     4 |     1 ||     9
 Stab: Sleeping          |     6 |     2 |     2 |       |       ||    10
       Invisible         |       |       |     4 |     1 |       ||     5
       Paralysed         |       |       |       |     7 |       ||     7
  Eat: Chunk             |     1 |    11 |     9 |    16 |     9 ||    46
       Ration            |       |       |     1 |     3 |       ||     4
Armor: Robe              |    20 |     8 |       |       |       ||    28
       Ring mail         |       |   129 |   269 |    99 |       ||   497
       Plate armour      |       |    24 |       |       |       ||    24
       Chain mail        |       |       |       |   549 |   366 ||   915
       Skin              |       |       |       |    14 |       ||    14
Dodge: Dodged            |    58 |   199 |   408 |   498 |   315 ||  1478
       Deflected         |       |     1 |     6 |     8 |       ||    15
       Rpst.: Falchion   |    23 |    42 |    40 |       |       ||   105
       Long sword        |       |       |    89 |    27 |       ||   116
       Scimitar          |       |       |       |   114 |     8 ||   122
       Great sword       |       |       |       |       |    67 ||    67

Table legend:
 A = Non-vault XP
 B = Vault XP
 C = Vault XP percentage of total XP
 D = Non-vault monster count
 E = Vault monster count
 F = Vault count percentage of total count
                 A         B        C        D         E       F
            +---------+---------+-------+---------+---------+-------
      Total |   42586 |   17345 |  28.9 |     371 |     180 |  32.7
            +---------+---------+-------+---------+---------+-------
        D:1 |      37 |       0 |   0.0 |      18 |       0 |   0.0
        D:2 |     121 |       2 |   1.6 |      31 |       1 |   3.1
        D:3 |      74 |     259 |  77.8 |      19 |      16 |  45.7
        D:4 |     140 |       0 |   0.0 |      12 |       0 |   0.0
        D:5 |     832 |     126 |  13.2 |      18 |      22 |  55.0
        D:6 |     274 |    3092 |  91.9 |       6 |      25 |  80.6
        D:7 |    2334 |     224 |   8.8 |      32 |       1 |   3.0
        D:8 |     712 |     448 |  38.6 |      19 |       1 |   5.0
        D:9 |    3632 |     873 |  19.4 |      44 |       5 |  10.2
       D:10 |    4126 |    4942 |  54.5 |      31 |      42 |  57.5
       D:11 |     855 |     422 |  33.0 |      18 |       1 |   5.3
       D:12 |    2568 |       0 |   0.0 |      24 |       0 |   0.0
       D:13 |    3769 |       0 |   0.0 |      12 |       0 |   0.0
     Lair:1 |    3113 |    2371 |  43.2 |      14 |       6 |  30.0
     Lair:2 |    1675 |       0 |   0.0 |       8 |       0 |   0.0
     Lair:3 |    8339 |     290 |   3.4 |      31 |       9 |  22.5
     Lair:4 |    7589 |     554 |   6.8 |      20 |       2 |   9.1
     Lair:5 |    2396 |       0 |   0.0 |      14 |       0 |   0.0
    Ossuary |       0 |     286 | 100.0 |       0 |      39 | 100.0
   Gauntlet |       0 |    3456 | 100.0 |       0 |      10 | 100.0
            +---------+---------+-------+---------+---------+-------
